 Dungeon Crawl Stone Soup version 0.28-a0-1435-g82390b3a13 (webtiles) character file.

Game seed: 9327318194756926188

2324 Hasart the Poker (level 9, 0/62 HPs)
             Began as an Octopode Fighter on Jan 10, 2022.
             Was an Initiate of Gozag.
             Slain by a manticore (9 damage)
             ... on level 7 of the Dungeon.
             The game lasted 00:12:34 (7082 turns).

Hasart the Poker (Octopode Fighter)                 Turns: 7082, Time: 00:12:35

Health: 0/62       AC:  9    Str: 19    XL:     9   Next: 42%
Magic:  18/18      EV: 17    Int: 11    God:    Gozag
Gold:   164        SH: 11    Dex: 11    Spells: 8/8 levels left

rFire   . . .      SeeInvis .   a - +1 trident
rCold   . . .      Faith    .   H - +2 kite shield {rN+}
rNeg    + . .      Spirit   .   (helmet restricted)
rPois   .          Reflect  .   (no amulet)
rElec   .          Harm     .   g - +4 ring of protection
rCorr   .          Rampage  .   s - ring of the Weak Plum {Wiz Fly Will+}
Will    +....                   y - ring of magical power
Stlth   ++........              B - +4 ring of evasion
HPRegen 0.20/turn               D - +4 ring of protection
MPRegen 0.16/turn               (no ring)
                                (no ring)
                                (no ring)

@: mighty, flying
A: almost no armour, amphibious, 8 rings, camouflage 1, gelatinous body 1,
(nimble swimmer 1), tentacles
a: Renounce Religion, Potion Petition, Call Merchant, Bribe Branch


You were on level 7 of the Dungeon.
You worshipped Gozag.
Gozag was aware of your devotion.
You visited 1 branch of the dungeon, and saw 7 of its levels.

You collected 965 gold pieces.
You spent 225 gold pieces at shops.
You paid 576 gold pieces to Gozag.

Inventory:

Hand Weapons
 a - a +1 trident (weapon)
Missiles
 i - 50 poisoned darts (quivered)
 k - a throwing net
Armour
 b - a +0 buckler
 H - a +2 kite shield of positive energy (worn)
Jewellery
 g - a +4 ring of protection (left tentacle)
 s - the ring of the Weak Plum (right tentacle) {Wiz Fly Will+}
   (You took it off a hobgoblin on level 3 of the Dungeon)

   [ring of wizardry]

   It improves your spell success rate.
   Fly:       It grants you flight.
   Will:      It increases your willpower.
 x - a ring of fire
 y - a ring of magical power (on tentacle)
 A - a ring of magical power
 B - a +4 ring of evasion (on tentacle)
 D - a +4 ring of protection (on tentacle)
 E - an amulet of the acrobat
Wands
 m - a wand of digging (9)
 F - a wand of paralysis (8)
Scrolls
 f - 4 scrolls of identify
 h - 3 scrolls of magic mapping
 l - 3 scrolls of teleportation
 r - a scroll of amnesia
 v - a scroll of summoning
 z - a scroll of enchant weapon
Potions
 d - a potion of resistance {unknown}
 e - a potion of ambrosia {unknown}
 j - a potion of magic {unknown}
 n - 3 potions of curing
 o - 3 potions of flight {unknown}
 p - a potion of attraction {unknown}
 q - 3 potions of degeneration {unknown}
 u - a potion of mutation {unknown}


   Skills:
 + Level 5.8 Fighting
 * Level 7.5 Polearms
 + Level 4.5 Throwing
 + Level 5.9 Dodging
 + Level 5.7 Shields


You had 8 spell levels left.
You didn't know any spells.
Your spell library contained the following spells:

 Spells                   Type           Power      Damage    Failure   Level
 Animate Skeleton         Necr           0%         N/A       34%         1
 Apportation              Tloc           0%         N/A       34%         1
 Foxfire                  Conj/Fire      0%         2x1d4     34%         1
 Summon Small Mammal      Summ           0%         N/A       34%         1
 Corpse Rot               Necr/Air       0%         N/A       47%         2
 Poisonous Vapours        Pois/Air       0%         N/A       47%         2
 Conjure Flame            Conj/Fire      0%         6-21      71%         3
 Inner Flame              Hex/Fire       0%         N/A       71%         3
 Ozocubu's Armour         Ice            0%         N/A       71%         3
 Flame Wave               Conj/Fire      0%         2d4       97%         4
 Ozocubu's Refrigeration  Ice            0%         4d5       100%        7


Dungeon Overview and Level Annotations

Branches:
Dungeon (7/15)             Temple (0/1) D:6

Altars:
Cheibriados
Dithmenos
Fedhas
Gozag
Hepliaklqana
Okawaru
Uskayaw
Xom
Yredelemnul
Zin

Shops:
D:1 :   D:7 *

Annotations:
D:3 2 runed translucent doors, ThreePoint314's ghost, amateur DrAr
D:7 Pikel


Innate Abilities, Weirdness & Mutations

You cannot wear most types of armour.
You are amphibious.
You can wear up to eight rings at the same time.
Your skin changes colour to match your surroundings (Stealth+).
Your rubbery body absorbs attacks. (AC +1, EV +1)
((You are camouflaged when in or above water. (Stealth+)))
You have tentacles for arms and can constrict up to eight enemies at once.


Message History

You hit the wyvern zombie.
The wyvern zombie is moderately damaged.
The wyvern zombie bites you. The wyvern zombie bites you!
You hit the wyvern zombie. You squeeze the wyvern zombie!
The wyvern zombie is severely damaged.
The wyvern zombie closely misses you.
You hit the wyvern zombie. You squeeze the wyvern zombie.
The wyvern zombie is almost destroyed.
The wyvern zombie bites you.
You hit the wyvern zombie.
The wyvern zombie is almost destroyed.
The wyvern zombie bites you!
You puncture the manticore!
The manticore is moderately wounded.
You completely miss the manticore.
The manticore is moderately wounded.
The manticore bites you! The manticore barely misses you.
The manticore claws you!
* * * LOW HITPOINT WARNING * * *
The manticore bites you!
* * * LOW HITPOINT WARNING * * *
The manticore claws you but does no damage.
The manticore misses you.
You feel better. You block the manticore's attack. x3
You feel very mighty all of a sudden. The manticore completely misses you.
You block the manticore's attack. x2
You hit the manticore. You tentacle-slap the manticore.
The manticore is moderately wounded.
The manticore barely misses you. The manticore claws you.
* * * LOW HITPOINT WARNING * * *
You block the manticore's attack.
You puncture the manticore!
The manticore is heavily wounded.
The manticore bites you but does no damage.
The manticore barely misses you. You block the manticore's attack.
You hit the manticore but do no damage.
The manticore is heavily wounded.
You block the manticore's attack. The manticore claws you!
You die...
Your body crumbles into a pile of gold.

... #.# #..# ..#
#..# #.# #..# #.##
#.' #..# #....##.#
#..# #....# #..#
#$#######..#
#$..ZH@$...#
#.##..#.##..# #.#
#.###.#..# #.
#####....# ## . $
#..#..##### .## .#
#..#.#....... ..##
.# ##..#...####
....##
#..#...#######.....
#.#.#...............


You could see a manticore and a wyvern zombie.

Vanquished Creatures
  Maggie (D:7)
  2 black bears
  2 ice beasts
  3 necrophages
  2 ogres
  A centaur (D:5)
  2 lemures (D:6)
  A kobold brigand (D:7)
  A scorpion (D:6)
  A killer bee (D:7)
  5 wights (D:7)
  A howler monkey (D:5)
  A centaur zombie (D:7)
  An orc priest (D:5)
  4 hounds
  A jelly (D:4)
  3 gnoll shamans
  Terence (D:3)
  2 iguanas
  An orc wizard (D:7)
  A mummy (D:5)
  19 gnolls
  9 adders
  A shadow imp (D:6)
  A white imp (D:5)
  An adder skeleton (D:4)
  A worm (D:2)
  3 dart slugs
  4 orcs
  3 bats
  5 endoplasms
  2 giant cockroaches
  12 goblins
  7 hobgoblins
  4 jackals (D:1)
  3 quokkas
  4 ball pythons
  2 frilled lizards (D:1)
  A hobgoblin zombie (D:5)
  13 kobolds
  3 kobold zombies (D:5)
  7 rats
142 creatures vanquished.

Vanquished Creatures (others)
  4 plants (D:7)
4 creatures vanquished.

Grand Total: 146 creatures vanquished

Notes
Turn   | Place    | Note
-------+----------+-------------------------------------------
     0 | D:1      | Hasart the Octopode Fighter began the quest for the Orb.
     0 | D:1      | Reached XP level 1. HP: 16/16 MP: 1/1
    18 | D:1      | Found a faded altar of an unknown god.
   187 | D:1      | Reached XP level 2. HP: 20/21 MP: 2/2
   209 | D:1      | Found Pyhutemm's Book Shoppe.
   596 | D:1      | Reached XP level 3. HP: 26/26 MP: 3/3
   915 | D:2      | Found an opulent altar of Gozag.
   920 | D:2      | Became a worshipper of Gozag Ym Sagoz the Greedy
  1172 | D:2      | You fall into a shaft and drop 2 floors!
  1188 | D:4      | Reached skill level 3 in Polearms
  1188 | D:4      | Reached XP level 4. HP: 17/31 MP: 4/4
  1511 | D:4      | Reached XP level 5. HP: 12/36 MP: 5/5
  1763 | D:4      | Reached skill level 1 in Throwing
  1796 | D:4      | Reached skill level 4 in Polearms
  1796 | D:4      | Reached XP level 6. HP: 5/43 MP: 6/6
  2662 | D:3      | Noticed Terence
  2668 | D:3      | Killed Terence
  2895 | D:3      | Identified the ring of the Weak Plum {Wiz Fly Will+}
  3034 | D:3      | Found a large runed translucent door.
  3034 | D:3      | Found a large runed translucent door.
  3035 | D:3      | Noticed ThreePoint314's ghost (amateur DrAr)
  3886 | D:5      | Entered Level 5 of the Dungeon
  3891 | D:5      | Noticed an ice beast
  3944 | D:5      | Reached XP level 7. HP: 47/48 MP: 7/7
  4386 | D:5      | Found a hide-covered altar of Uskayaw.
  4409 | D:5      | Reached skill level 5 in Polearms
  4926 | D:5      | Found a hazy altar of Hepliaklqana.
  4953 | D:5      | Found a shadowy altar of Dithmenos.
  4976 | D:5      | Found a glowing silver altar of Zin.
  4984 | D:5      | Found a basalt altar of Yredelemnul.
  5091 | D:5      | Reached XP level 8. HP: 46/54 MP: 8/8
  5241 | D:5      | Found a blossoming altar of Fedhas.
  5243 | D:5      | Found a snail-covered altar of Cheibriados.
  5287 | D:6      | Found an iron altar of Okawaru.
  5537 | D:6      | Reached skill level 6 in Polearms
  5537 | D:6      | Reached skill level 5 in Dodging
  5616 | D:6      | Reached skill level 5 in Fighting
  5904 | D:6      | Reached skill level 5 in Shields
  5946 | D:6      | Found a staircase to the Ecumenical Temple.
  6176 | D:6      | Found a shimmering altar of Xom.
  6381 | D:7      | Noticed Maggie
  6401 | D:7      | Killed Maggie
  6402 | D:7      | Reached XP level 9. HP: 43/61 MP: 9/9
  6569 | D:7      | Reached skill level 7 in Polearms
  6659 | D:7      | Bought a glowing kite shield for 225 gold pieces
  6864 | D:7      | Noticed Pikel
  7071 | D:7      | Noticed a manticore
  7082 | D:7      | Slain by a manticore

Illustrated notes

Levels and vault maps discovered:
D:1:      ebering_trefoil_twist, layout_basic, serial_shops,
          nicolae_shop_window_shopping, chequers_ecumenical_altar_simple_redux
D:2:      layout_basic, basic_altar, minmay_statues_item, minmay_tetromino_o4
D:3:      layout_loops_ring, ebering_ghost_disaster_area, uniq_terence
D:4:      layout_basic
D:5:      layout_cave_pools, mainiacjoe_overflow_paths,
          nicolae_uskayaw_suspiria, nicolae_overflow_hidden_temple,
          minmay_mini_ossuary
D:6:      layout_cave_pools, tgw_xom, amcnicky_altar_gilded, temple_green
D:7:      layout_rooms, mainiacjoe_overflow_alcove_4, minmay_shattered_shrine,
          uniq_pikel, uniq_crazy_yiuf_cottage, uniq_maggie

Skill      XL: |  1  2  3  4  5  6  7  8  9 |
---------------+----------------------------+-----
Polearms       | 3 4 5 6 7 |  7.5
Throwing       | 1 2 3 4 |  4.5
Fighting       | 4 5 |  5.8
Dodging        | 4 5 |  5.9
Shields        | 4 5 |  5.7

Action                   |  1- 3 |  4- 6 |  7- 9 || total
-------------------------+-------+-------+-------++-------
Melee: Trident           |    79 |    92 |   226 ||   397
       Constrict         |    13 |    24 |    44 ||    81
       Tentacles         |     9 |    27 |    52 ||    88
       Punch             |       |     1 |     3 ||     4
Throw: Dart              |       |       |    23 ||    23
Invok: Call Merchant     |       |       |     1 ||     1
  Use: Scroll            |       |       |    10 ||    10
       Potion            |       |       |     2 ||     2
 Stab: Sleeping          |     4 |     9 |     3 ||    16
       Distracted        |       |     1 |     2 ||     3
Armor: Skin              |     2 |    10 |    21 ||    33
Dodge: Dodged            |    30 |    34 |   107 ||   171
Block: Buckler           |    15 |     9 |    22 ||    46
       Kite shield       |       |       |    46 ||    46

Table legend: (Time is in decaauts)
 A = Elapsed time spent in this place.
 B = Non-inter-level travel time spent in this place.
 C = Inter-level travel time spent in this place.
 D = Time resting spent in this place.
 E = Time spent auto-exploring this place.
 F = Levels seen in this place.
 G = Mean time per level.
                   A        B        C        D        E       F      G
               +--------+--------+--------+--------+--------+-----+--------+
         Total |   7125 |   6879 |    246 |    916 |   4806 |   7 | 1017.9 |
       Dungeon |   7125 |   6879 |    246 |    916 |   4806 |   7 | 1017.9 |
               +--------+--------+--------+--------+--------+-----+--------+

Top non-repeatable levels by time:
     D:4: 1779 daAuts
     D:5: 1176 daAuts
     D:6: 1079 daAuts
     D:1: 899 daAuts
     D:2: 837 daAuts
     D:3: 716 daAuts
     D:7: 637 daAuts
